 Dungeon Crawl Stone Soup version 0.28-a0-1622-gc30f734a66 (webtiles) character file.

Game seed: 4520497157701437537

169 Lekart the Skirmisher (level 5, 0/47 HPs)
             Began as a Draconian Chaos Knight on Jan 21, 2022.
             Was a Plaything of Xom.
             Slain by an adder (4 damage)
             ... in a sewer on Jan 23, 2022.
             The game lasted 00:06:25 (3894 turns).

Lekart the Skirmisher (Draconian Chaos Knight)      Turns: 3894, Time: 00:06:26

Health: 0/47       AC:  6    Str: 14    XL:     5   Next: 25%
Magic:  5/5        EV: 12    Int: 13    God:    Xom [......]
Gold:   112        SH:  0    Dex: 12    Spells: 4/4 levels left

rFire   . . .      SeeInvis .   b - +2 dagger (flame)
rCold   . . .      Faith    .   (no shield)
rNeg    . . .      Spirit   .   (armour unavailable)
rPois   .          Reflect  .   h - +1 hat
rElec   .          Harm     .   (no cloak)
rCorr   .          Rampage  .   (no gloves)
Will    .....                   (no boots)
Stlth   ++........              (no amulet)
HPRegen 0.15/turn               (no ring)
MPRegen 0.09/turn               (no ring)

@: lethally poisoned (0 -> -3), unable to read
A: AC +5, unfitting armour, cold-blooded, deterioration 2, inability to read
while threatened
a: Renounce Religion


You were in a sewer.
You worshipped Xom.
You were a very special plaything of Xom.
You visited 1 branch of the dungeon, and saw 4 of its levels.
You also visited: Sewer.

You collected 112 gold pieces.

Inventory:

Hand Weapons
 a - a +0 hand axe of chaos
 b - a +2 dagger of flaming (weapon)
Missiles
 i - 3 javelins (quivered)
Armour
 h - a +1 hat (worn)
Jewellery
 d - an amulet of the acrobat
Potions
 e - 2 potions of flight


   Skills:
 + Level 4.3 Fighting
 + Level 2.3 Short Blades
 + Level 3.4 Axes
 + Level 3.0 Dodging
 + Level 1.6 Stealth


You had 4 spell levels left.
You didn't know any spells.
Your spell library contained the following spells:

 Spells                   Type           Power      Damage    Failure   Level
 Animate Skeleton         Necr           0%         N/A       30%         1
 Apportation              Tloc           0%         N/A       30%         1
 Summon Small Mammal      Summ           0%         N/A       30%         1
 Ignite Poison            Fire/Tmut/Pois 0%         N/A       67%         3
 Flame Wave               Conj/Fire      0%         2d4       97%         4
 Ignition                 Fire           0%         3d3       100%        8


Dungeon Overview and Level Annotations

Branches:
Dungeon (4/15)              Sewer (1/1)
 Temple: D:4-7

Altars:
Okawaru

Shops:
D:3 [


Innate Abilities, Weirdness & Mutations

Your plain brown scales are hard. (AC +5)
You cannot fit into any form of body armour.
You are cold-blooded and may be slowed by cold attacks.
Your body often deteriorates upon taking damage.
You sometimes lose the ability to read scrolls when taking damage.


Message History

You completely miss the adder.
You feel sick. The adder bites you.
You feel threatened and lose the ability to read scrolls!
The adder bites you but does no damage.
You barely miss the adder.
Your tail-slap misses the adder.
You feel sick. The adder bites you.
Your unstable footing causes you to fumble your attack.
You feel sick. The adder closely misses you.
Your unstable footing causes you to fumble your attack.
You feel sick. The adder closely misses you.
You feel sick. The adder bites you.
* * * LOW HITPOINT WARNING * * *
Okay, then.
You cannot read scrolls in your current state!
You aren't carrying any items that you can evoke.
You hit the adder. You burn the adder.
Your tail-slap misses the adder.
The adder is heavily wounded.
You can read scrolls again.
You feel sick. The adder bites you.
* * * LOW HITPOINT WARNING * * *
You are more poisoned.
The adder poisons you!
You miss the adder. You tail-slap the adder.
The adder is heavily wounded.
You feel sick. The adder bites you but does no damage.
You closely miss the adder.
The adder is heavily wounded.
You feel sick. The adder bites you but does no damage. The adder bites you.
You feel threatened and lose the ability to read scrolls!
* * * LOW HITPOINT WARNING * * *
You miss the adder.
The adder is heavily wounded.
* * * LOW HITPOINT WARNING * * *
You feel sick. The adder closely misses you.
You miss the adder.
You tail-slap the adder, but do no damage.
The adder is heavily wounded.
* * * LOW HITPOINT WARNING * * *
You feel sick. The adder bites you.
You die...
Xom yawns loudly!

#..≈.≈. #≈≈... ≈≈.≈≈.
##..P### P## #≈..P≈≈
..##≈# ##≈.≈.##
#.##≈# #.≈..≈≈#
≈.P#≈# ##.@S...#
######P.#≈###.≈######
#≈≈≈....#≈##..)†≈≈≈≈#
#≈≈≈≈.∩.#≈#..≈.######
#≈≈≈.∩.#≈#≈....≈≈≈≈#
#≈≈≈...#†#.≈≈.≈....#
##≈≈≈...P.≈≈.≈.≈≈..#
##≈≈...PP≈..#.≈PPP≈.
###...P.≈.###PPP#..


You could see an adder.

Vanquished Creatures
  Jessica (D:2)
  A river rat (Sewer)
  4 adders
  3 gnolls (D:3)
  A worm (D:2)
  3 dart slugs
  4 ball pythons
  4 bats
  6 endoplasms
  A giant cockroach (D:1)
  3 goblins
  11 hobgoblins
  5 jackals
  A quokka (D:2)
  6 kobolds
  6 rats
60 creatures vanquished.

Notes
Turn   | Place    | Note
-------+----------+-------------------------------------------
     0 | D:1      | Lekart the Draconian Chaos Knight began the quest for the
                  | Orb.
     0 | D:1      | Reached XP level 1. HP: 19/19 MP: 1/1
   337 | D:1      | You fall into a shaft and drop 1 floor!
   397 | D:2      | Reached XP level 2. HP: 24/26 MP: 2/2
   937 | D:1      | Reached XP level 3. HP: 28/33 MP: 3/3
   966 | D:1      | XOM: noise
  1226 | D:2      | Noticed Jessica
  1242 | D:2      | Killed Jessica
  1243 | D:2      | Reached skill level 1 in Stealth
  1255 | D:2      | Reached skill level 4 in Fighting
  1255 | D:2      | Reached skill level 1 in Short Blades
  1255 | D:2      | Reached XP level 4. HP: 13/40 MP: 4/4
  1624 | D:2      | XOM: 5-stop teleportation journey
  1754 | D:2      | XOM is BORED!
  1754 | D:2      | XOM: noise
  2105 | D:2      | XOM: silly message
  2335 | D:3      | Found a faded altar of an unknown god.
  2456 | D:3      | Upgraded the game from 0.28-a0-1613-gdaab1c2f9b to
                  | 0.28-a0-1622-gc30f734a66
  2490 | D:3      | Found Laidup's Antique Armour Boutique.
  2574 | D:3      | XOM: 10-stop teleportation journey
  2634 | D:3      | Got the Handbook of Ignition
  2906 | D:3      | XOM: swap monsters
  3024 | D:3      | XOM is BORED!
  3024 | D:3      | XOM: give mutation
  3024 | D:3      | Gained mutation: You sometimes lose the ability to read
                  | scrolls when taking damage. [Xom's mischief]
  3231 | D:3      | Reached XP level 5. HP: 43/46 MP: 5/5
  3503 | D:3      | XOM: give mutations
  3503 | D:3      | Gained mutation: Your body sometimes deteriorates upon
                  | taking damage. [Xom's mischief]
  3503 | D:3      | Gained mutation: You are frail. (-10% HP) [Xom's mischief]
  3565 | D:4      | Found an iron altar of Okawaru.
  3607 | D:4      | XOM: 1-stop teleportation journey
  3609 | D:4      | Found a glowing drain.
  3619 | Sewer    | Entered a sewer
  3682 | Sewer    | XOM: give mutations
  3682 | Sewer    | Lost mutation: You are frail. (-10% HP) [Xom's mischief]
  3682 | Sewer    | Gained mutation: Your body often deteriorates upon taking
                  | damage. [Xom's mischief]
  3894 | Sewer    | Slain by an adder

Illustrated notes

Levels and vault maps discovered:
D:1:      dpeg_arrival_tiny_i, layout_loops_cross
D:2:      layout_basic, minmay_tromino_v4_b, uniq_jessica
D:3:      layout_loops_corners, hellmonk_ecumenical_altar_slurped_away,
          serial_shops, shop, dk_noncrumbling_2
D:4:      layout_basic, mainiacjoe_overflow_concentric_impassable, serial_shops,
          shop, cheibrodos_sewer_entry_drain, st_stairs_12
Sewer:    sewer_co_scattered_pipes

Skill      XL: |  1  2  3  4 |
---------------+-------------+-----
Stealth        | 1 |  1.6
Fighting       | 4 |  4.3
Short Blades   | 1 2 |  2.3
Dodging        | 3 |  3.0
Axes           | |  3.4

Action                   |  1- 3 |  4- 6 || total
-------------------------+-------+-------++-------
Melee: Dagger            |    88 |   119 ||   207
       Tailslap          |     7 |    13 ||    20
       Hand axe          |     1 |       ||     1
       Punch             |     1 |     3 ||     4
  Use: Scroll            |       |     5 ||     5
       Potion            |       |     1 ||     1
 Stab: Sleeping          |     2 |     5 ||     7
Armor: Skin              |    24 |    32 ||    56
Dodge: Dodged            |    54 |    56 ||   110

Table legend: (Time is in decaauts)
 A = Elapsed time spent in this place.
 B = Non-inter-level travel time spent in this place.
 C = Inter-level travel time spent in this place.
 D = Time resting spent in this place.
 E = Time spent auto-exploring this place.
 F = Levels seen in this place.
 G = Mean time per level.
                   A        B        C        D        E       F      G
               +--------+--------+--------+--------+--------+-----+--------+
         Total |   3887 |   3814 |     73 |    776 |   2436 |   5 |  777.4 |
       Dungeon |   3614 |   3541 |     73 |    603 |   2393 |   4 |  903.5 |
         Sewer |    272 |    272 |      0 |    173 |     43 |   1 |  272.0 |
               +--------+--------+--------+--------+--------+-----+--------+

Top non-repeatable levels by time:
     D:3: 1233 daAuts
     D:2: 1197 daAuts
     D:1: 1127 daAuts
   Sewer: 272 daAuts
     D:4: 55 daAuts
